 Dungeon Crawl Stone Soup version 0.21-a0-633-g4c047d5 (webtiles) character file.

96 Alarkh the Slasher (level 4, 28/33 HPs)
             Began as a Demonspawn Skald on Dec 28, 2017.
             Got out of the dungeon alive.
             The game lasted 00:03:16 (2567 turns).

Alarkh the Slasher (Demonspawn Skald)               Turns: 2567, Time: 00:03:16

Health: 28/33      AC:  4    Str: 11    XL:     4   Next: 41%
Magic:  7/7        EV: 12    Int: 16    God:
Gold:   158        SH:  0    Dex: 14    Spells: 3/7 levels left

rFire    . . .     SeeInvis .   a - +0 falchion
rCold    . . .     Gourm    .   (no shield)
rNeg     + . .     Faith    .   b - +1 leather armour
rPois    .         Spirit   .   (helmet restricted)
rElec    .         Reflect  .   (no cloak)
rCorr    .         Harm     .   (no gloves)
MR       .....                  (no boots)
Stlth    ++........             (no amulet)
HPRegen  0.11/turn              m - ring of positive energy (curse)
MPRegen  0.10/turn              (no ring)

@: no status effects
A: antennae 1, thin skeletal structure 1
a: no special abilities


You escaped.
You were very hungry.

You visited 1 branch of the dungeon, and saw 3 of its levels.

You collected 158 gold pieces.

Inventory:

Hand Weapons
 a - a +0 falchion (weapon)
Armour
 b - a +1 leather armour (worn)
Jewellery
 m - a cursed ring of positive energy (left hand)
Scrolls
 e - 2 scrolls of identify
 f - a scroll of enchant armour
 h - a scroll of fog {unknown}
 i - a scroll of blinking {unknown}
 l - 2 scrolls of teleportation
Potions
 g - a potion of mutation
 k - a potion of heal wounds
Books
 c - a book of Battle

   Spells                             Type                      Level
   a - Infusion                       Charms                       1
   b - Shroud of Golubria             Charms/Translocation         2
   c - Song of Slaying                Charms                       2
   d - Spectral Weapon                Hexes/Charms                 3
   e - Regeneration                   Charms/Necromancy            3
Comestibles
 d - 2 rations


   Skills:
 - Level 2.0 Fighting
 * Level 3.8 Long Blades
 - Level 0.8 Armour
 - Level 1.7 Dodging
 + Level 2.3 Spellcasting
 + Level 3.0 Charms


You had 3 spell levels left.
You knew the following spells:

 Your Spells              Type           Power        Failure   Level  Hunger
a - Infusion              Chrm           ##..         8%          1    #......
b - Regeneration          Chrm/Necr      #.........   38%         3    ###....


Dungeon Overview and Level Annotations

Branches:
Dungeon (3/15)

Altars:


Innate Abilities, Weirdness & Mutations

You have a pair of small antennae on your head.
You have a somewhat thin skeletal structure. (Dex +2, Stealth)


Message History

A pair of antennae grows on your head!
Things that are here:
a dagger; a robe; an orc corpse You are no longer magically infusing your attacks.
You are feeling very hungry.
There is a stone staircase leading up here.
You climb upwards.
There is a stone staircase leading down here.
Unknown command.
You feel yourself speed up.
There is a stone staircase leading up here.
You climb upwards.
There is a stone staircase leading down here.
You see here a club.
Magic restored.
You see here a club.
There is an open door here.
There is a staircase leading out of the dungeon here.
Are you sure you want to leave the Dungeon?
This will make you lose the game!
You have escaped!

##################
#@..≈P≈≈#.........
####.PP≈#.########
#P≈≈.≈≈≈#.###
#PP≈..P≈#...######
#≈PP.≈P≈##.......#
#.P..P≈≈##.......#
#≈.≈≈PP≈##.......#
#'########........
#.####............


There were no monsters in sight!

Vanquished Creatures
  An orc wizard (D:3)
  2 dart slugs (D:2)
  A leopard gecko (D:2)
  4 orcs (D:3)
  3 bats
  4 giant cockroaches
  4 goblins
  10 hobgoblins
  7 jackals (D:2)
  5 kobolds
  2 quokkas (D:2)
  A ball python (D:2)
  5 frilled lizards
  A rat (D:2)
50 creatures vanquished.

Notes
Turn   | Place    | Note
-------+----------+-------------------------------------------
     0 | D:1      | Alarkh the Demonspawn Skald began the quest for the Orb.
     0 | D:1      | Reached XP level 1. HP: 16/16 MP: 3/3
   274 | D:1      | Gained mutation: You have a somewhat thin skeletal structure. (Dex +2, Stealth) [demonic ancestry]
   274 | D:1      | Reached XP level 2. HP: 20/22 MP: 1/5
  1297 | D:2      | Reached XP level 3. HP: 25/27 MP: 1/6
  1302 | D:2      | Learned a level 3 spell: Regeneration
  2504 | D:3      | Gained mutation: You have a pair of small antennae on your head. [demonic ancestry]
  2504 | D:3      | Reached XP level 4. HP: 21/33 MP: 3/7
  2567 | D:$      | Got out of the dungeon alive.

Vault maps used:
D:1:      lightli_arrival_flooded_house, minmay_misc_feat_columns,
          minmay_tetromino_s2
D:2:      first_ration, minmay_close_crescents
D:3:      serial_glass, glass_columns_b, glass_columns_c, glass_columns_a,
          glass_columns_b, glass_columns_a, glass_columns_b, glass_columns_a,
          glass_columns_b

Skill      XL: |  1  2  3 |
---------------+----------+-----
Long Blades    | 2 3 |  3.8
Charms         | 3 |  3.0
Fighting       | |  2.0
Armour         | |  0.8
Dodging        | |  1.7
Spellcasting   | |  2.3

Action                   |  1- 3 |  4- 6 || total
-------------------------+-------+-------++-------
Melee: Falchion          |   148 |       ||   148
 Cast: Infusion          |    25 |       ||    25
       Regeneration      |     1 |       ||     1
  Use: Scroll            |     4 |       ||     4
       Potion            |     1 |       ||     1
 Stab: Sleeping          |     1 |       ||     1
  Eat: Chunk             |     5 |       ||     5
Armor: Leather armour    |    50 |       ||    50
Dodge: Dodged            |   114 |       ||   114
       Rpst.: Falchion   |    33 |       ||    33

Table legend:
 A = Spawn XP
 B = Non-spawn XP
 C = Spawn XP percentage of total XP
 D = Spawn monster count
 E = Non-spawn monster count
 F = Spawn count percentage of total count
 G = Total turns spent on level
                    A         B        C        D         E        F      G
               +---------+---------+-------+---------+---------+-------+---------
         Total |       0 |     138 |   0.0 |       0 |      50 |   0.0 |  2567
               +---------+---------+-------+---------+---------+-------+---------
           D:1 |       0 |      30 |   0.0 |       0 |      18 |   0.0 |  1219
           D:2 |       0 |      53 |   0.0 |       0 |      27 |   0.0 |  1309
           D:3 |       0 |      55 |   0.0 |       0 |       5 |   0.0 |    39
               +---------+---------+-------+---------+---------+-------+---------
